 Dungeon Crawl Stone Soup version 0.25.0-10-g039870ee82 (webtiles) character file.

Game seed: 10534472790108981098

107398 Flugkiller the Severer (level 16, 0/237 HPs)
             Began as a Deep Dwarf Fighter on June 22, 2020.
             Was the Champion of Makhleb.
             Slain by an emperor scorpion (1 damage)
             ... on level 4 of the Spider Nest.
             The game lasted 00:14:54 (14683 turns).

Flugkiller the Severer (Deep Dwarf Fighter)        Turns: 14683, Time: 00:14:55

Health: 0/237      AC: 28    Str: 26      XL:     16   Next: 0%
Magic:  4/4        EV:  2    Int:  2 (4)  God:    Makhleb [******]
Gold:   1357       SH:  0    Dex: 12      Spells: 15/15 levels left

rFire    + . .     SeeInvis .   g - +5 broad axe (vorpal)
rCold    . . .     Gourm    .   Q - +2 kite shield
rNeg     + + +     Faith    +   (armour currently unavailable)
rPois    +         Spirit   .   (helmet currently unavailable)
rElec    .         Reflect  .   (cloak currently unavailable)
rCorr    .         Harm     .   (gloves currently unavailable)
MR       ++...     Rnd*Rage +   (boots currently unavailable) Stlth +.........NoTele +
                                b - amulet of faith
HPRegen  0.00/turn              f - ring of protection from fire
MPRegen  0.09/turn              v - +4 ring of evasion

@: tree-form, held, non-regenerating, studying Shields
A: damage resistance, heal wounds, berserk 2, deterioration 1, dopey 2, negative
energy resistance 1, sense surroundings 2, weak 1, wild magic 1, no regeneration
a: Heal Wounds, Minor Destruction, Lesser Servant of Makhleb, Major Destruction,
Greater Servant of Makhleb, Renounce Religion


You were on level 4 of the Spider Nest.
You worshipped Makhleb.
Makhleb was exalted by your worship.
You were not hungry.
You were a tree.
You visited 4 branches of the dungeon, and saw 26 of its levels.
You also visited: Bailey and Gauntlet.

You collected 1357 gold pieces.

Inventory:

Hand Weapons
 g - a +5 vorpal broad axe (weapon)
   (You acquired it on level 9 of the Dungeon)
Armour
 i - a +2 pair of boots
   (You found it on level 4 of the Dungeon)
 k - a +0 plate armour (melded)
   (You found it on level 1 of the Dungeon)
 s - a +0 helmet (melded)
   (You found it on level 4 of the Dungeon)
 B - a +2 cloak of preservation (melded)
   (You took it off Crazy Yiuf on level 4 of the Dungeon)
 E - the +1 pair of boots "Xuter" (melded) {Str+6 Dex+8}
   (You found it on level 9 of the Dungeon)

   It affects your strength (+6).
   It affects your dexterity (+8).
 Q - a +2 kite shield (worn)
   (You took it off Asterion on level 1 of the Spider Nest)
Jewellery
 b - an amulet of faith (around neck)
   (You found it on level 7 of the Dungeon)
 c - an uncursed ring of protection from cold
   (You found it on level 4 of the Lair of Beasts)
 f - a ring of protection from fire (left branch)
   (You took it off an orc on level 8 of the Dungeon)
 u - an uncursed amulet of reflection
   (You found it on level 4 of the Dungeon)
 v - a +4 ring of evasion (right branch)
   (You found it on level 1 of the Lair of Beasts)
 y - the ring "Yloudup" {Str+5 SInv}
   (You found it in a Gauntlet)

   [ring of see invisible]

   It affects your strength (+5).
   It lets you see invisible.
Wands
 o - a wand of clouds (4)
   (You found it in a Gauntlet)
 p - a wand of iceblast (8)
   (You found it on level 4 of the Dungeon)
 A - a wand of digging (5)
   (You found it on level 2 of the Lair of Beasts)
 D - a wand of acid (4)
   (You found it on level 3 of the Lair of Beasts)
 N - a wand of paralysis (15)
   (You found it on level 6 of the Lair of Beasts)
Scrolls
 a - a scroll of magic mapping
 r - a scroll of identify
 t - 5 scrolls of teleportation
 x - 2 scrolls of remove curse
 z - 3 scrolls of blinking
 F - a scroll of fear
 G - 3 scrolls of fog
 I - 3 scrolls of vulnerability
 P - a scroll of holy word
Potions
 d - 3 potions of might
 h - a potion of haste
 m - 5 potions of brilliance
 n - 2 potions of resistance
 w - a potion of heal wounds
 C - a potion of lignification
 H - a potion of ambrosia
 J - 2 potions of stabbing
Books
 j - a manual of Shields
   (You found it in a bailey)
 l - a manual of Shields
   (You found it in a bailey)
Miscellaneous
 O - a tin of tremorstones (3/3)
   (You found it in a Gauntlet)
Comestibles
 e - 31 rations
 L - 3 chunks of flesh


   Skills:
 * Level 13.9 Fighting
 * Level 16.1 Axes
 + Level 12.2 Armour
 - Level 15.0 Shields
 - Level 15.0 Invocations
 - Level 6.0 Evocations


You had 15 spell levels left.
You didn't know any spells.
Your spell library was empty.

Dungeon Overview and Level Annotations

Branches:
Dungeon (15/15)            Temple (1/1) D:7            Lair (6/6) D:10
 Shoals (0/4) Lair:3       Spider (4/4) Lair:2        Slime (0/5) Lair:6
    Orc (0/2) D:9          Vaults (0/5) D:13         Depths (0/5) D:15
 Bailey (visited)         Gauntlet (visited)

Altars:
Ashenzari
Cheibriados
Dithmenos
Fedhas
Gozag
Kikubaaqudgha
Makhleb
Nemelex Xobeh
Okawaru
Qazlal
Ru
Trog
Xom
The Shining One
Jiyva

Portals:
Trove: D:12 (give +2 shadow dragon scales)

Annotations:
D:3 2 runed translucent doors
D:7 2 transporters
Lair:1 2 transporters, Xaytacwe's ghost, journeyman GnNe


Innate Abilities, Weirdness & Mutations

You are resistant to damage.
You can heal yourself by infusing magical energy.
You resist negative energy. (rN+)
You passively map the area around you.
You do not regenerate.
You often lose your temper in combat.
Your body sometimes deteriorates upon taking damage.
You are very dopey. (Int -4)
You are weak. (Str -2)
Your spells are a little harder to cast, but a little more powerful.


Message History

Flame seeps out of the wolf spider.
The wolf spider is moderately wounded.
The fiery explosion engulfs the emperor scorpion!!
Flame seeps out of the emperor scorpion.
The emperor scorpion is heavily wounded.
The fiery explosion engulfs the jumping spider!!!
Flame seeps out of the jumping spider.
The jumping spider is severely wounded.
The fiery explosion engulfs you. You resist. Makhleb accepts your kill.
You have reached level 16!
You feel stronger.
Your cacodemon misses the wolf spider.
Your cacodemon closely misses the wolf spider.
The emperor scorpion stings you!!
* * * LOW HITPOINT WARNING * * *
Your body deteriorates!
You feel dopey.
The emperor scorpion claws you but does no damage.
The emperor scorpion claws you.
You die...

##########
######..^^.^^.#####*
####^.^.^^......^≈.^^#
**##.^................†^#
^.^^^s§s..........^...# *
.....§°§..........^^.##
,....^ys°s2≈...≈^..^^^# ,
....s°s♣§s#####^≈...##, ,
.....##sy##^ ^###..## , ,
.....ss≈## ,#### ^
,.^...ssss....^.^,
.......s....... * ,
^.^............, , * ,
...≈^.^........ ,, ,
....##s≈^.≈^... , ,.°.^
≈.#####^.. ,


You could see 2 emperor scorpions, a spark wasp (inner flame), a demonic crawler
(inner flame), 2 wolf spiders, a moth of wrath (inner flame), 2 orb spiders, 4
jumping spiders, a tarantella, 3 redbacks and a friendly cacodemon (summoned,
inner flame).

Vanquished Creatures
  Rupert (Lair:6)
  Asterion (Spider:1)
  The ghost of endersaim the Spry, an adept MfSk of Qazlal (Spider:3)
  Kirke (Lair:4)
  The ghost of Nuqinleag the Devastator, an adept GrEE of Vehumet (Spider:2)
  A ghost moth (Spider:4)
  2 entropy weavers (Spider:3)
  A dire elephant (Lair:6)
  A minotaur (Gauntlet)
  A blizzard demon (Gauntlet)
  2 ice dragons (D:15)
  Erolcha (D:10)
  A catoblepas (Gauntlet)
  A vault guard (D:13)
  2 hydras
  5 centaur warriors
  A merfolk avatar (Lair:6)
  2 two-headed ogres (D:9)
  4 death yaks (Lair:6)
  2 tengu warriors (D:15)
  2 unseen horrors
  A sea snake (Lair:6)
  A lindwurm (Lair:2)
  Pikel (D:7)
  6 ugly things
  An oklob plant (Lair:1)
  An orc knight (D:15)
  An orc sorcerer (D:15)
  6 orb spiders
  21 elephants
  4 cyclopes (D:13)
  11 wolf spiders
  2 moths of wrath (Spider:2)
  A manticore (D:13)
  9 black mambas
  Maggie (D:7)
  A centaur skeleton (D:13)
  3 gargoyles
  2 torpor snails (Lair:6)
  16 spiny frogs
  Psyche (D:9)
  6 rime drakes
  11 komodo dragons
  2 kobold demonologists (D:10)
  2 ice devils (Gauntlet)
  9 demonic crawlers
  3 trolls
  A queen bee (Lair:1)
  5 hornets
  2 wind drakes (Lair:6)
  5 slime creatures (D:15)
  15 jumping spiders
  3 polar bears
  12 hippogriffs
  A dream sheep (Lair:2)
  A centaur simulacrum (D:13)
  Sigmund (D:2)
  25 redbacks
  2 wraiths
  50 yaks
  17 tarantellas
  5 wyverns
  5 hogs (Lair:4)
  A hungry ghost (D:10)
  3 basilisks
  3 vampire mosquitoes (D:15)
  Menkaure (D:6)
  An acid dragon (D:14)
  A soldier ant (D:10)
  2 wargs (D:9)
  Duvessa (D:7)
  17 water moccasins
  A floating eye (Gauntlet)
  14 porcupines
  5 sky beasts
  9 orc warriors
  An ice beast (D:11)
  2 black bears
  2 ogres
  10 wolves
  2 phantoms
  9 centaurs
  2 big kobolds (D:10)
  15 crocodiles
  Blork the orc (D:4)
  A wyvern zombie (D:9)
  16 bullfrogs
  Dowan (D:7)
  A scorpion (D:7)
  16 killer bees (Lair:1)
  6 electric eels
  3 howler monkeys (D:10)
  13 wights
  2 bullfrog zombies
  A centaur zombie (D:9)
  A quasit (D:9)
  5 crimson imps
  5 hounds (D:10)
  5 orc priests
  Crazy Yiuf (D:4)
  3 iguanas
  16 orc wizards
  8 worker ants
  7 adders
  6 gnolls
  4 shadow imps
  A white imp (Gauntlet)
  3 worms (D:3)
  A leopard gecko (D:8)
  57 orcs
  2 ball pythons (D:1)
  A bat (D:2)
  2 giant cockroaches
  8 goblins
  8 hobgoblins
  5 kobolds
  3 quokkas
  2 frilled lizards
  A quokka skeleton (D:4)
  2 rats
  4 fungi
  A plant (Lair:6)
632 creatures vanquished.

Vanquished Creatures (collateral kills)
  2 hydras
  A demonic crawler (Spider:4)
  A blink frog (Lair:2)
  2 redbacks (Spider:4)
  A hippogriff (Lair:2)
  A water moccasin (D:9)
  A porcupine (Lair:2)
  5 orc warriors (Bailey)
  2 centaurs (Bailey)
  2 crocodiles (Lair:2)
  8 killer bees (Lair:1)
  An orc (Bailey)
  A goblin (D:9)
28 creatures vanquished.

Vanquished Creatures (others)
  A tarantella (Spider:1)
  A bullfrog skeleton (D:5)
  An orc (D:7)
  11 fungi
  8 plants
22 creatures vanquished.

Grand Total: 682 creatures vanquished

Notes
Turn   | Place    | Note
-------+----------+-------------------------------------------
     0 | D:1      | Flugkiller the Deep Dwarf Fighter began the quest for the
                  | Orb.
     0 | D:1      | Reached XP level 1. HP: 20/20 MP: 1/1
   205 | D:1      | Reached XP level 2. HP: 20/27 MP: 2/2
   429 | D:2      | Noticed Sigmund
   466 | D:2      | Killed Sigmund
   466 | D:2      | Reached skill level 3 in Axes
   466 | D:2      | Reached XP level 3. HP: 29/36 MP: 2/2
   466 | D:2      | Reached XP level 4. HP: 36/44 MP: 3/3
   466 | D:2      | Reached XP level 5. HP: 41/50 MP: 4/4
   676 | D:3      | Found a runed translucent gate.
   677 | D:3      | Found a runed translucent gate.
   784 | D:3      | Reached skill level 4 in Axes
   898 | D:4      | Reached XP level 6. HP: 30/57 MP: 4/4
  1132 | D:4      | Noticed Blork the orc
  1144 | D:4      | Killed Blork the orc
  1375 | D:4      | Found a runed translucent door.
  1376 | D:4      | Noticed Crazy Yiuf
  1451 | D:4      | Reached skill level 5 in Axes
  1583 | D:4      | Reached XP level 7. HP: 34/66 MP: 3/3
  1707 | D:4      | Killed Crazy Yiuf
  1758 | D:5      | Entered Level 5 of the Dungeon
  1783 | D:5      | Reached skill level 5 in Fighting
  1783 | D:5      | Reached skill level 5 in Armour
  1895 | D:6      | Reached skill level 5 in Shields
  1913 | D:6      | Noticed Menkaure
  1923 | D:6      | Killed Menkaure
  1923 | D:6      | Reached skill level 6 in Axes
  1948 | D:7      | Reached XP level 8. HP: 54/75 MP: 2/2
  1974 | D:7      | Found a staircase to the Ecumenical Temple.
  1980 | D:7      | Noticed Maggie
  2012 | D:7      | Killed Maggie
  2022 | Temple   | Entered the Ecumenical Temple
  2049 | Temple   | Became a worshipper of Makhleb the Destroyer
  2088 | D:7      | Found a transporter.
  2088 | D:7      | Noticed a kobold demonologist
  2089 | D:7      | Noticed a kobold demonologist
  2100 | D:7      | Reached skill level 1 in Invocations
  2216 | D:7      | Noticed Pikel
  2231 | D:7      | Killed Pikel
  2231 | D:7      | Gained mutation: You passively map the area around you.
                  | [Deep Dwarf growth]
  2231 | D:7      | Reached XP level 9. HP: 55/82 MP: 2/6
  2262 | D:7      | Found a shattered altar of Ashenzari.
  2355 | D:7      | Noticed Duvessa
  2356 | D:7      | Noticed Dowan
  2357 | D:7      | Found a transporter.
  2363 | D:7      | Killed Duvessa
  2380 | D:7      | Killed Dowan
  2708 | D:8      | Reached skill level 7 in Axes
  2805 | D:8      | Reached * piety under Makhleb
  2901 | D:8      | Found a sacrificial altar of Ru.
  3366 | D:9      | Noticed a two-headed ogre
  3384 | D:9      | HP: 4/85 [two-headed ogre/+0 giant spiked club (13)]
  3391 | D:9      | Killed a two-headed ogre
  3391 | D:9      | Reached ** piety under Makhleb
  3391 | D:9      | Reached skill level 8 in Axes
  3391 | D:9      | Reached XP level 10. HP: 72/94 MP: 5/5
  3393 | D:9      | Found a staircase to the Orcish Mines.
  3562 | D:9      | Found a flagged portal.
  3583 | Bailey   | Entered a bailey
  3831 | Bailey   | Reached *** piety under Makhleb
  3932 | Bailey   | Reached skill level 10 in Invocations
  4071 | D:9      | Identified a scroll of acquirement
  4115 | D:9      | Noticed Psyche
  4127 | D:9      | Killed Psyche
  4127 | D:9      | Reached skill level 9 in Axes
  4262 | D:9      | Noticed a two-headed ogre
  4271 | D:9      | Killed a two-headed ogre
  4458 | D:9      | Got a pair of bloodstained boots
  4469 | D:9      | Identified the +1 pair of boots "Xuter" {Str+6 Dex+8} (You
                  | found it on level 9 of the Dungeon)
  4530 | D:10     | Entered Level 10 of the Dungeon
  4566 | D:10     | Noticed Erolcha
  4574 | D:10     | Killed Erolcha
  4766 | D:10     | Noticed a gargoyle
  4775 | D:10     | Noticed a soul eater
  4779 | D:10     | Noticed a smoke demon
  4797 | D:10     | Reached XP level 11. HP: 87/104 MP: 2/2
  4801 | D:10     | Noticed a sun demon
  4853 | D:10     | Reached **** piety under Makhleb
  4859 | D:10     | Reached skill level 10 in Axes
  4894 | D:10     | Found a staircase to the Lair.
  5043 | D:10     | Killed an unseen horror
  5095 | Lair:1   | Entered Level 1 of the Lair of Beasts
  5095 | Lair:1   | Noticed an oklob plant
  5135 | Lair:1   | Killed an oklob plant
  5223 | Lair:1   | Identified the +9 broad axe "Yllimmed" {protect, Fragile
                  | +Inv rElec rPois}
  5223 | Lair:1   | Noticed a spriggan berserker
  5224 | Lair:1   | Noticed Xaytacwe's ghost (journeyman GnNe)
  5224 | Lair:1   | Identified the +8 trident of the Orb {vamp, +Blink rF-
                  | Int+5 SInv}
  5224 | Lair:1   | Noticed a spriggan rider
  5226 | Lair:1   | Identified the cursed +1 spear of the Desert {vorpal, MP+9}
  5226 | Lair:1   | Noticed a spriggan rider
  5226 | Lair:1   | Found a bloodstained altar of Trog.
  5235 | Lair:1   | Found a transporter.
  5421 | Lair:1   | Reached ***** piety under Makhleb
  5445 | Lair:1   | Reached XP level 12. HP: 55/114 MP: 2/2
  5547 | Lair:1   | Found a transporter.
  5995 | Lair:2   | Noticed a seven-headed hydra
  6009 | Lair:2   | Noticed a seven-headed hydra
  6015 | Lair:2   | Reached skill level 11 in Axes
  6016 | Lair:2   | Killed a nine-headed hydra
  6251 | Lair:2   | Reached skill level 10 in Shields
  6445 | Lair:2   | Killed a 13-headed hydra
  6445 | Lair:2   | Reached skill level 10 in Fighting
  6620 | Lair:2   | Found a hole to the Spider Nest.
  6896 | Lair:3   | Found a staircase to the Shoals.
  7224 | Lair:3   | Found a snail-covered altar of Cheibriados.
  7327 | Lair:3   | Reached skill level 12 in Axes
  7494 | Lair:4   | Reached XP level 13. HP: 124/124 MP: 3/3
  7557 | Lair:4   | Noticed Kirke
  7586 | Lair:4   | Killed Kirke
  7846 | Lair:4   | Reached ****** piety under Makhleb
  7991 | Lair:4   | Reached skill level 13 in Axes
  7991 | Lair:4   | Reached skill level 10 in Armour
  8213 | Lair:5   | Found a gate leading to a gauntlet.
  8230 | Lair:5   | Gained mutation: You tend to lose your temper in combat.
                  | [mutagenic glow]
  8234 | Gauntlet | Entered a Gauntlet
  8234 | Gauntlet | Found a transporter.
  8234 | Gauntlet | Found a transporter.
  8242 | Gauntlet | Found a transporter.
  8246 | Gauntlet | Found a transporter.
  8254 | Gauntlet | Found a transporter.
  8258 | Gauntlet | Found a transporter.
  8260 | Gauntlet | Gained mutation: You are agile. (Dex +2) [mutagenic glow]
  8264 | Gauntlet | Found a runed translucent gate.
  8266 | Gauntlet | Found a transporter.
  8267 | Gauntlet | Found a runed translucent gate.
  8268 | Gauntlet | Found a runed translucent gate.
  8282 | Gauntlet | Found a transporter.
  8284 | Gauntlet | Gained mutation: You often lose your temper in combat.
                  | [mutagenic glow]
  8296 | Gauntlet | Found a transporter.
  8300 | Gauntlet | Found a transporter.
  8307 | Gauntlet | Gained mutation: You are weak. (Str -2) [mutagenic glow]
  8308 | Gauntlet | Found a transporter.
  8312 | Gauntlet | Found a transporter.
  8379 | Gauntlet | Noticed a blizzard demon
  8569 | Gauntlet | Lost mutation: You are agile. (Dex +2) [potion of mutation]
  8569 | Gauntlet | Gained mutation: Your body sometimes deteriorates upon
                  | taking damage. [potion of mutation]
  8569 | Gauntlet | Gained mutation: You are dopey. (Int -2) [potion of
                  | mutation]
  8569 | Gauntlet | Gained mutation: Your spells are a little harder to cast,
                  | but a little more powerful. [potion of mutation]
  8593 | Gauntlet | Killed a blizzard demon
  8593 | Gauntlet | Reached skill level 1 in Evocations
  8600 | Gauntlet | Got a flickering bone ring
  8604 | Gauntlet | Identified the ring "Yloudup" {Str+5 SInv} (You found it in
                  | a Gauntlet)
  8647 | Gauntlet | Noticed a minotaur
  8661 | Gauntlet | Killed a minotaur
  9679 | Lair:6   | Entered Level 6 of the Lair of Beasts
  9716 | Lair:6   | Gained mutation: You resist negative energy. (rN+) [Deep
                  | Dwarf growth]
  9716 | Lair:6   | Reached XP level 14. HP: 134/135 MP: 4/4
  9954 | Lair:6   | Reached skill level 15 in Invocations
 10092 | Lair:6   | Noticed Rupert
 10113 | Lair:6   | Killed Rupert
 10113 | Lair:6   | Reached skill level 14 in Axes
 10326 | Lair:6   | Reached skill level 5 in Evocations
 10477 | Lair:6   | Found a viscous altar of Jiyva.
 10477 | Lair:6   | Found a staircase to the Slime Pits.
 11184 | D:12     | Found a portal to a secret trove of treasure.
 11840 | D:13     | Found the +6 Majin-Bo {vamp, Archmagi MP+6 Int+6}
 12326 | D:13     | Found a gate to the Vaults.
 12599 | D:15     | Entered Level 15 of the Dungeon
 12609 | D:15     | Reached XP level 15. HP: 140/146 MP: 4/4
 13017 | D:15     | Reached skill level 15 in Axes
 13301 | D:15     | Found a staircase to the Depths.
 13579 | Spider:1 | Entered Level 1 of the Spider Nest
 13831 | Spider:1 | Noticed Asterion
 13841 | Spider:1 | Gained mutation: You are very dopey. (Int -4) [a cacodemon]
 13850 | Spider:1 | Killed Asterion
 13880 | Spider:2 | Found a large runed translucent door.
 13880 | Spider:2 | Found a large runed translucent door.
 13891 | Spider:2 | Noticed Nuqinleag's ghost (adept GrEE)
 13928 | Spider:2 | Killed Nuqinleag's ghost
 13936 | Spider:2 | Got a brightly glowing pewter ring
 13937 | Spider:2 | Identified the ring of Yredelemnul's Reproof {rCorr Str+2}
                  | (You found it on level 2 of the Spider Nest)
 14253 | Spider:3 | Reached skill level 15 in Shields
 14354 | Spider:3 | Found a runed translucent door.
 14354 | Spider:3 | Noticed endersaim's ghost (adept MfSk)
 14500 | Spider:3 | Killed endersaim's ghost
 14577 | Spider:3 | Reached skill level 16 in Axes
 14595 | Spider:4 | Entered Level 4 of the Spider Nest
 14597 | Spider:4 | Noticed a ghost moth
 14609 | Spider:4 | Killed a ghost moth
 14683 | Spider:4 | Reached XP level 16. HP: 27/158 MP: 4/4
 14683 | Spider:4 | HP: 1/237 [emperor scorpion (26)]
 14683 | Spider:4 | Slain by an emperor scorpion

Illustrated notes

Levels and vault maps discovered:
D:1:      saegor_arrival_simple_e, layout_basic, chequers_mini_garden,
          roderic_lattice_a, kennysheep_pointless_box, tso_metal_star
D:2:      layout_rooms, uniq_sigmund
D:3:      layout_loops_ring, ebering_ghost_rock_garden, uniq_robin
D:4:      layout_loops_corners, first_ration, uniq_crazy_yiuf_cottage,
          uniq_blork_the_orc
D:5:      layout_loops_ring, old_standard_altar, uniq_edmund
D:6:      layout_cave_pods, nicolae_water_bricks, uniq_menkaure
D:7:      gammafunk_wand_slinger, layout_basic, minmay_temple_entry_wispy,
          ashenzari_altar_1, uniq_maggie, uniq_pikel, uniq_duvessa
D:8:      layout_loops_ring, nicolae_ru_sacrificial_ziggurat
D:9:      layout_irregular_city, erik_orc_4, lightli_bailey_entry_fortress,
          uniq_psyche
D:10:     layout_roguey, erik_lair_island, uniq_erolcha
D:11:     layout_basic, basic_altar
D:12:     layout_roguey, nicolae_trove_entry_diagonal, grunt_tengu_nest
D:13:     layout_layer_cave, david_vaults_5
D:14:     layout_loops_ring, wad_scary_box
D:15:     grunt_enter_depths_hoard, layout_cave_pods,
          hangedman_decor_diamond_cutter
Temple:   compressed_dpeg_circular_temple
Lair:1:   layout_hall_layers, gammafunk_ghost_wrathful_warriors, special_room
          [special_room_bee], st_stairs_4, dpeg_stationary_puzzle
Lair:2:   layout_loops_ring, spider_nest_entry_funnel_web, special_room,
          nzn_random_ring, grunt_megastairs_3
Lair:3:   layout_regular_city, elwin_shoals_entry_rocks, basic_altar
Lair:4:   layout_misc_corridors, chequers_serial_rivers_micro_a,
          grunt_megastairs_4, uniq_kirke
Lair:5:   layout_layer_cave, gauntlet_entry_generic,
          grunt_forest_small_clearings, grunt_megastairs_2,
          serial_bayou_shore_a, infiniplex_staircase_pool
Lair:6:   gammafunk_lair_ancient_temple, layout_big_grid,
          dpeg_slime_entry_enclosed_altar, uniq_rupert
Spider:1: layout_spider_delve, hangedman_spider_tarantella_strand,
          uniq_josephine, uniq_asterion
Spider:2: layout_spider_delve, ebering_ghost_disaster_area
Spider:3: layout_spider_delve, ebering_ghost_reflecting_pool
Spider:4: grunt_spider_rune_parallel, drop_trap, minivault_29

Skill      XL: |  1  2  3  4  5  6  7  8  9 10 11 12 13 14 15 |
---------------+----------------------------------------------+-----
Fighting       | 3 4 5 7 8 9 10 11 12 13 | 13.9
Axes           | 3 4 5 6 8 9 10 12 13 14 16 | 16.1
Armour         | 4 5 6 7 8 9 10 11 12 | 12.2
Shields        | 4 5 6 8 9 11 12 13 15 | 15.0
Invocations    | 7 9 10 13 14 15 | 15.0
Evocations     | 2 6 |  6.0

Action                   |  1- 3 |  4- 6 |  7- 9 | 10-12 | 13-15 | 16-18 || total
-------------------------+-------+-------+-------+-------+-------+-------++-------
Melee: War axe           |    47 |   144 |   323 |   144 |       |       ||   658
       Broad axe         |       |       |       |   445 |  1017 |       ||  1462
Invok: Lesser Servant of |       |       |       |     7 |     4 |       ||    11
       Major Destruction |       |       |       |     5 |       |       ||     5
       Greater Servant o |       |       |       |     3 |     3 |       ||     6
 Abil: Heal Wounds       |     2 |     5 |    21 |    27 |    18 |       ||    73
Evoke: Wand              |       |       |       |     6 |     5 |       ||    11
       Tin of tremorston |       |       |       |       |     4 |       ||     4
  Use: Potion            |       |       |     3 |     2 |    13 |       ||    18
       Scroll            |       |       |       |    13 |    18 |       ||    31
  Eat: Chunk             |       |     3 |     6 |    15 |    19 |       ||    43
       Ration            |       |       |       |     1 |     2 |       ||     3
Armor: Scale mail        |     1 |       |       |       |       |       ||     1
       Plate armour      |    35 |    91 |   235 |   629 |   580 |       ||  1570
       Skin              |       |       |       |     4 |    38 |     1 ||    43
Dodge: Dodged            |     8 |    19 |    69 |   238 |   403 |       ||   737
Block: Kite shield       |    21 |    85 |   255 |   583 |   970 |       ||  1914
       Reflection        |       |       |     9 |       |       |       ||     9
